 Dungeon Crawl Stone Soup version 0.29-a0-834-g1e95ca9f62 (webtiles) character file.

Game seed: 11815203441604970739

41 coolguy69 the Cutter (level 3, 0/20 HPs)
             Began as a Vine Stalker Monk on July 13, 2022.
             Slain by a worm (7 damage)
             ... on level 2 of the Dungeon.
             The game lasted 00:00:59 (1542 turns).

coolguy69 the Cutter (Vine Stalker Monk)            Turns: 1542, Time: 00:01:00

Health: 0/20       AC:  3    Str: 15    XL:     3   Next: 52%
Magic:  0/4        EV: 12    Int: 10    God:
Gold:   7          SH:  0    Dex: 16    Spells: 2/2 levels left

rFire   . . .      SeeInvis .   a - +0 short sword
rCold   . . .      Faith    .   (no shield)
rNeg    . . .      Spirit   +   i - +0 leather armour
rPois   .          Reflect  .   (no helmet)
rElec   .          Harm     .   (no cloak)
rCorr   .          Rampage  .   (no gloves)
Will    .....                   (no boots)
Stlth   ++........              (no amulet)
HPRegen 0.06/turn               (no ring)
MPRegen 0.09/turn               (no ring)

@: no status effects
A: fangs 2, magic shield, antimagic bite, no potion heal 2
a: no special abilities


You were on level 2 of the Dungeon.
You visited 1 branch of the dungeon, and saw 2 of its levels.

You collected 7 gold pieces.

Inventory:

Hand Weapons
 a - a +0 short sword (weapon)
Armour
 b - a +0 robe
 i - a +0 leather armour (worn)
Jewellery
 h - a +6 ring of intelligence
Potions
 c - a potion of ambrosia
 e - a potion of curing {unknown}
 f - a potion of mutation {unknown}


   Skills:
 + Level 3.1 Fighting
 + Level 3.3 Short Blades
 + Level 2.6 Dodging
 + Level 2.8 Stealth


You had 2 spell levels left.
You didn't know any spells.
Your spell library was empty.

Dungeon Overview and Level Annotations

Branches:
Dungeon (2/15)

Altars:


Innate Abilities, Weirdness & Mutations

You have extremely sharp teeth.
When hurt, damage is shared between your health and your magic reserves.
Your bite disrupts and absorbs the magic of your enemies.
Potions cannot restore your health.


Message History

The endoplasm freezes you.
You are frozen.
You hit the adder but do no damage. You bite the adder. You drain its power.
You feel invigorated.
The adder is heavily wounded.
The adder barely misses you.
You hit the adder.
The adder is almost dead.
The endoplasm freezes you.
You are frozen.
The adder bites you but does no damage.
You hit the adder.
You kill the adder!
The endoplasm hits you.
You hit the worm but do no damage. The endoplasm freezes you.
You are frozen.
Unknown command.
You hit the endoplasm.
The endoplasm is severely wounded.
The endoplasm hits you. The worm completely misses you.
You hit the endoplasm.
You kill the endoplasm!
Unknown command.
You hit the worm.
The worm is lightly wounded.
You hit the worm.
The worm is moderately wounded.
An adder comes into view.
The worm bites you.
The adder hisses angrily.
You hit the worm.
The worm is moderately wounded.
The worm bites you but does no damage.
You hit the worm.
The worm is heavily wounded.
Unknown command.
You hit the worm.
The worm is severely wounded.
The worm bites you!
You die...

[...........#
#...........#
#......<....#
#......?....##
...#.........#
##.........#.#
#.........#†#
...........#w#
...........@.#
.......S....##
.[..........#
...........#
...........#
.#####+####


You could see a worm and an adder.

Vanquished Creatures
  2 adders
  4 bats (D:1)
  2 endoplasms
  A giant cockroach (D:1)
  2 goblins (D:1)
  2 hobgoblins (D:1)
  3 kobolds (D:1)
  A quokka (D:1)
  2 ball pythons (D:1)
  A frilled lizard (D:1)
  A rat (D:1)
21 creatures vanquished.

Notes
Turn   | Place    | Note
-------+----------+-------------------------------------------
     0 | D:1      | coolguy69 the Vine Stalker Monk began the quest for the
                  | Orb.
     0 | D:1      | Reached XP level 1. HP: 11/11 MP: 2/2
   309 | D:1      | Reached XP level 2. HP: 7/16 MP: 1/3
  1198 | D:1      | Reached XP level 3. HP: 6/20 MP: 1/4
  1542 | D:2      | Slain by a worm

Illustrated notes

Levels and vault maps discovered:
D:1:      amcnicky_arrival_underground_garden, layout_basic
D:2:      layout_basic, ebering_ecumenical_altar_rust

Skill      XL: |  1  2 |
---------------+-------+-----
Short Blades   | 3 |  3.3
Fighting       | 3 |  3.1
Dodging        | |  2.6
Stealth        | |  2.8

Action                   || total
-------------------------++-------
Melee: Short sword       ||    64
       Bite              ||    12
       Punch             ||     2
  Use: Scroll            ||     2
 Stab: Sleeping          ||     4
Armor: Robe              ||     6
       Leather armour    ||     6
Dodge: Dodged            ||    40

Table legend: (Time is in decaauts)
 A = Elapsed time spent in this place.
 B = Non-inter-level travel time spent in this place.
 C = Inter-level travel time spent in this place.
 D = Time resting spent in this place.
 E = Time spent auto-exploring this place.
 F = Levels seen in this place.
 G = Mean time per level.
                   A        B        C        D        E       F      G
               +--------+--------+--------+--------+--------+-----+--------+
         Total |   1539 |   1505 |     34 |    335 |    999 |   2 |  769.5 |
       Dungeon |   1539 |   1505 |     34 |    335 |    999 |   2 |  769.5 |
               +--------+--------+--------+--------+--------+-----+--------+

Top non-repeatable levels by time:
     D:1: 1509 daAuts
     D:2: 30 daAuts
